 Dungeon Crawl Stone Soup version 0.18.1-47-g9310371 (webtiles) character file.

474227 simples the Ninja (level 23, -9/128 HPs)
             Began as a Spriggan Enchanter on June 21, 2016.
             Was the Champion of Dithmenos.
             Mangled by a reaper
             ... wielding a +3 vampiric scythe
             ... created by miscasting Summon Horrible Things
              (30 damage)
             ... on level 6 of the Pits of Slime on June 22, 2016.
             The game lasted 05:24:47 (93660 turns).

simples the Ninja (Spriggan Enchanter)             Turns: 93660, Time: 05:24:49

Health: -9/128     AC:  2    Str:  6      XL:     23   Next: 59%
Magic:  22/52      EV: 37    Int: 18 (19) God:    Dithmenos [******]
Gold:   2511       SH: 14    Dex: 21 (22) Spells: 12 memorised, 11 levels left

rFire  + + .     SeeInvis +     m - +9 quick blade (pierce)
rCold  . . .     Gourm    .     R - +2 robe {rF+}
rNeg   . . .     Faith    .     M - +0 buckler
rPois  +         Spirit   .     j - +1 hat
rElec  .         Dismiss  .     W - +2 cloak {MR+}
rCorr  +         Reflect  +     (gloves unavailable)
SustAt .         Harm     .     (boots unavailable)
MR     ++...     Rnd*Rage +     f - +5 amulet of reflection
Stlth  ++++++++++               A - ring of Impaerch {Wiz rPois rF+ MP+9 Dex-2}
                                T - ring of resist corrosion

@: about to teleport, vulnerable, corroded, very slightly contaminated, hasted,
wreathed by umbra, repel missiles, very quick, very resistant to hostile
enchantments, uncannily stealthy
A: unfitting armour, horns 1, talons 1, slimy green scales 1, see invisible,
berserk 1, deterioration 2, herbivore 3, speed 3, slow metabolism 2, strong 1
a: Shadow Step, Shadow Form, Renounce Religion
}: 2/15 runes: serpentine, barnacled


You were on level 6 of the Pits of Slime.
You worshipped Dithmenos.
Dithmenos was exalted by your worship.
You were not hungry.

You visited 10 branches of the dungeon, and saw 50 of its levels.
You also visited: Labyrinth, Ossuary, Ice Cave and Volcano.

You collected 4664 gold pieces.
You spent 2153 gold pieces at shops.

Inventory:

Hand Weapons
 m - a +9 quick blade of piercing (weapon)
 x - a +0 dagger of venom
 y - a +0 short sword of holy wrath
Armour
 j - a +1 hat (worn)
 M - a +0 buckler (worn)
 R - a +2 robe of fire resistance (worn)
 W - a +2 cloak of magic resistance (worn)
 Z - a +2 cloak of poison resistance
Jewellery
 a - an uncursed ring of protection from cold
 b - an uncursed ring of sustain attributes
 f - a +5 amulet of reflection (around neck)
 p - the ring "Xiro" {rElec rPois Dex+2 Slay+4 Stlth-}
   (You found it on level 1 of the Elven Halls)

   [ring of poison resistance]

   It affects your dexterity (+2).
   It affects your accuracy and damage with ranged weapons and melee attacks
   (+4).
   It insulates you from electricity.
   It protects you from poison.
   It makes you less stealthy.
 s - the ring "Omoal" {rF+ AC+4}
   (You found it in a labyrinth)

   [ring of protection]

   It affects your AC (+4).
   It protects you from fire.
 A - the ring of Impaerch (right hand) {Wiz rPois rF+ MP+9 Dex-2}
   (You bought it in a shop on level 2 of the Orcish Mines)

   [ring of wizardry]

   It improves your spell success rate.
   It affects your dexterity (-2).
   It protects you from fire.
   It protects you from poison.
   It affects your magic capacity (+9).
 D - an uncursed ring of positive energy
 T - a ring of resist corrosion (left hand)
 V - an uncursed ring of protection from cold
Wands
 K - a wand of disintegration (9/24)
 O - a wand of teleportation (4/9)
Scrolls
 c - 6 scrolls of fear
 e - 7 scrolls of teleportation
 g - 3 scrolls of magic mapping
 o - 4 scrolls of enchant armour
 r - 9 scrolls of recharging
 u - 3 scrolls of amnesia
 w - 10 scrolls of remove curse
 F - 2 scrolls of vulnerability
 G - 6 scrolls of enchant weapon
 H - 9 scrolls of identify
 L - 3 scrolls of fog
 U - a scroll of holy word
Potions
 h - 5 potions of ambrosia
 i - 5 potions of flight
 k - 3 potions of invisibility
 n - 4 potions of berserk rage
 q - 4 potions of cure mutation
 z - 4 potions of resistance
 B - 10 potions of curing
 C - 8 potions of brilliance
 E - 2 potions of haste
 I - 12 potions of agility
 P - 3 potions of magic
 Q - 7 potions of might
 X - 2 potions of cancellation
Miscellaneous
 t - a sack of spiders
Comestibles
 d - 4 bread rations
 v - 5 royal jellies
 J - 36 fruits


   Skills:
 - Level 15.7 Fighting
 - Level 7.6 Short Blades
 - Level 20.2 Dodging
 O Level 27 Stealth
 - Level 7.4 Shields
 - Level 15.1 Spellcasting
 - Level 9.7 Hexes
 * Level 14.1 Summonings
 - Level 5.1 Translocations
 - Level 13.1 Invocations


You had 11 spell levels left.
You knew the following spells:

 Your Spells              Type           Power        Failure   Level  Hunger
a - Apportation           Tloc           ####......   1%          1    None
b - Ensorcelled Hibernat  Hex/Ice        ####..       1%          2    None
c - Confuse               Hex            #####...     1%          3    None
d - Blink                 Tloc           N/A          1%          2    None
e - Invisibility          Hex            #####...     6%          6    #####..
f - Repel Missiles        Chrm/Air       ##....       4%          2    None
g - Passwall              Trmt/Erth      ##........   4%          2    None
h - Mephitic Cloud        Conj/Pois/Air  ##......     7%          3    None
i - Summon Horrible Thin  Summ           ######....   61%         8    #######
j - Passage of Golubria   Tloc           N/A          3%          4    None
k - Darkness              Hex            #####.....   6%          6    #####..
l - Call Imp              Summ           ######..     1%          2    None


Dungeon Overview and Level Annotations

Branches:
Dungeon (15/15)            Temple (1/1) D:7            Lair (8/8) D:9
 Shoals (4/4) Lair:6        Snake (4/4) Lair:3        Slime (6/6) Lair:7
    Orc (2/2) D:11            Elf (3/3) Orc:2        Vaults (5/5) D:14
  Crypt (0/3) Vaults:3     Depths (2/5) D:15

Altars:
Ashenzari
Cheibriados
Dithmenos
Elyvilon
Fedhas
Gozag
Kikubaaqudgha
Makhleb
Nemelex Xobeh
Okawaru
Pakellas
Qazlal
Ru
Sif Muna
Trog
Vehumet
Xom
Yredelemnul
Zin
The Shining One
Beogh
Jiyva

Shops:
D:8 !   Orc:2 (=[(   Snake:2 [   Vaults:2 !

Portals:
Hell: Depths:1 Depths:2
Pandemonium: Depths:1
Ziggurat: Depths:1

Annotations:
D:3 Reyan's ghost, amateur TrMo
D:5 Rationalist's ghost, novice MiBe
D:14 Aizul
Shoals:4 Ilsuiw
Slime:6 Royal Jelly
Elf:1 exclusion: orange crystal statue
Elf:3 Bubs's ghost, veteran FoFi


Innate Abilities, Weirdness & Mutations

You are tiny and cannot use many weapons and most armour.
You have supernaturally acute eyesight.
You are a herbivore.
You cover ground extremely quickly.
You need consume almost no food.
You have a pair of small horns on your head.
You have sharp toenails.
You are partially covered in slimy green scales (AC +2).
You tend to lose your temper in combat.
Your body often deteriorates upon taking damage.
Your muscles are strong. (Str +2)


Message History

The azure jelly closely misses you. The azure jelly hits you!
You block the azure jelly's attack. The Royal Jelly misses you.
The Royal Jelly hits you!!
You are splashed with acid!
The acid burns!
You resist.
* * * LOW HITPOINT WARNING * * *
The wall burns the reaper!
Drink which item? (? for menu, Esc to quit)
You feel yourself speed up. You block the Royal Jelly's attack.
The Royal Jelly hits you.
* * * LOW HITPOINT WARNING * * *
You are splashed with acid!
The acid burns!
You resist.
* * * LOW HITPOINT WARNING * * *
You block the azure jelly's attack. x2; The azure jelly hits you!
* * * LOW HITPOINT WARNING * * *
The azure jelly completely misses you. The acid blob hits your jelly!
Your jelly dies!
Your large abomination hits the Royal Jelly but does no damage.
Your large abomination is burned by acid!
The reaper hits you from afar with a vampiric scythe!!
You die...

.........^.................
...........................
...........................
................§.X.....##
...............§§§§X...##
...............§.§...###
.............JX§§§.§..#
............J.X.......#
...........@JJ.......##
.............2.....###
...............§...#
........#...#..####.#
.......#######.# ## ##.#..#
### #####


You could see the Royal Jelly, an acid blob, 2 azure jellies, a reaper and 2
friendly large abominations.

Vanquished Creatures
  Mara (Snake:3)
  Nikola (Shoals:1)
  A golden dragon (Depths:2)
  An iron giant (Depths:2)
  A tentacled monstrosity (Vaults:4)
  2 liches
  Asterion (Vaults:1)
  3 deep elf blademasters
  2 acid blobs
  A shadow dragon (Vaults:4)
  A deep elf master archer (Elf:3)
  A tengu reaver (Depths:1)
  3 sphinxes
  2 storm dragons (D:15)
  Roxanne (D:15)
  7 azure jellies
  Kirke (Shoals:2)
  2 greater nagas
  5 fire giants
  Wiglaf (D:15)
  4 frost giants
  6 deep elf sorcerers
  An orc warlord (Orc:2)
  3 vault wardens
  The ghost of Reyan the Spry, a journeyman MfGl of Dithmenos (Shoals:3)
  6 ironheart preservers
  Louise (Shoals:2)
  2 spriggan defenders
  7 deep elf elementalists (Elf:3)
  6 stone giants
  3 vampire knights
  The ghost of sarahorange the Thaumaturge, a journeyman DsWz of Makhleb (Shoals:3)
  10 very ugly things
  Nessos (D:13)
  A salamander stormcaller (Vaults:4)
  6 deep elf annihilators (Elf:3)
  8 deep elf demonologists
  3 spark wasps (Depths:2)
  A death ooze (Slime:5)
  6 deep elf death magi
  A minotaur (Lab)
  12 vault guards
  2 jiangshi (Depths:1)
  12 ogre magi
  8 ettins
  5 merfolk javelineers
  A great orb of eyes (Slime:6)
  10 yaktaur captains
  6 fire dragons
  3 merfolk impalers
  Josephine (D:11)
  5 deep elf high priests (Elf:3)
  3 rakshasas
  An entropy weaver (Depths:1)
  6 hydras
  5 ice dragons
  9 naga warriors
  16 anacondas
  2 alligator snapping turtles
  A merfolk avatar (Shoals:2)
  9 centaur warriors
  A catoblepas (Lair:6)
  Erica (Elf:1)
  A merfolk aquamancer (Shoals:3)
  27 dancing weapons
  4 tengu warriors
  4 deep troll shamans
  2 death knights (Vaults:3)
  8 deep troll earth magi
  2 vampire magi
  A satyr (Shoals:4)
  3 death yaks (Lair:7)
  An orc high priest (Orc:2)
  Urug (D:11)
  A sun demon (Depths:1)
  4 shock serpents
  Sonja (Orc:2)
  15 naga sharpshooters
  2 spriggan berserkers
  The ghost of zervinho the Nimble, a journeyman SpEn of Dithmenos (D:12)
  4 iron trolls
  19 deep elf knights
  A fire crab (Vaults:1)
  3 salamander mystics
  5 unseen horrors
  4 sea snakes
  14 deep trolls
  A tengu zombie (Vaults:3)
  3 flayed ghosts
  3 giant orange brains
  10 naga ritualists
  9 ironbrand convokers
  11 hill giants
  Pikel (D:5)
  A golden dragon skeleton (Vaults:4)
  2 phantasmal warriors (Depths:2)
  4 necromancers
  16 orc knights
  11 deep elf archers
  66 deep elf magi
  2 orc sorcerers
  9 mana vipers
  12 harpies
  8 manticores
  2 hornets
  3 shining eyes
  A shadow dragon skeleton (Vaults:3)
  5 wizards
  A wolf spider (Vaults:1)
  6 cyclopes
  26 ugly things
  8 griffons
  6 fauns
  Maurice (Orc:2)
  6 salamanders
  An octopode (shapeshifter) (Vaults:1)
  15 elephants
  2 guardian serpents (Snake:4)
  40 black mambas
  3 sirens
  4 water nymphs
  11 vault sentinels
  14 naga magi
  2 eyes of devastation
  3 centaur zombies
  2 orange demons (Depths:1)
  2 torpor snails (Lair:4)
  2 gargoyles
  11 spiny frogs
  A rime drake (shapeshifter) (Vaults:1)
  A storm dragon simulacrum (Vaults:3)
  A hellion (Depths:1)
  2 human zombies
  2 freezing wraiths
  36 yaktaurs
  5 rime drakes
  An efreet (D:15)
  10 komodo dragons
  A kobold demonologist (Vaults:1)
  A red devil (Depths:1)
  A tengu conjurer (D:15)
  2 human skeletons (Vaults:3)
  8 trolls
  4 wind drakes
  A queen bee (shapeshifter) (D:15)
  23 merfolk
  A merfolk (shapeshifter) (Depths:2)
  A yaktaur skeleton (Vaults:4)
  47 slime creatures
  A polar bear (shapeshifter) (Vaults:1)
  29 two-headed ogres
  Prince Ribbit (D:6)
  5 boulder beetles
  41 blink frogs
  4 snapping turtles
  3 air elementals
  A shadow (D:11)
  15 redbacks
  7 wraiths
  7 water elementals
  3 tarantellas (shapeshifter)
  6 basilisks
  39 yaks
  6 fire elementals
  20 humans
  A hungry ghost (D:12)
  A steam dragon (Lair:8)
  Eustachio (D:6)
  A basilisk (shapeshifter) (Vaults:4)
  17 hippogriffs
  11 vampire mosquitoes
  10 mottled dragons
  2 soldier ants
  Edmund (D:6)
  63 nagas
  4 wargs
  A swamp worm (shapeshifter) (Depths:2)
  24 water moccasins
  A giant eyeball (Depths:2)
  17 porcupines
  4 eyes of draining
  43 orc warriors
  3 sky beasts
  4 ice beasts
  A phantom (D:11)
  4 black bears
  55 ogres
  7 boggarts
  2 necrophages
  25 centaurs
  9 wolves
  17 crocodiles
  18 big kobolds
  25 giant frogs
  A wyvern zombie (D:14)
  3 earth elementals
  A water moccasin zombie (Ossuary)
  2 wyvern skeletons (D:10)
  6 scorpions
  19 killer bees
  An electric eel (Lair:3)
  13 wights
  2 howler monkeys
  8 crimson imps
  12 jellies
  2 quasits (D:11)
  5 hounds
  Crazy Yiuf (D:6)
  8 centaur skeletons
  28 orc priests
  A giant frog skeleton (D:8)
  15 iguanas
  40 orc wizards
  8 worker ants
  43 sheep
  3 big kobold zombies (Ossuary)
  A hound zombie (D:11)
  3 mummies
  3 worker ant zombies (D:11)
  9 gnolls
  17 adders
  32 river rats
  3 shadow imps
  An ooze (D:3)
  3 adder zombies
  4 worms
  A dart slug (D:4)
  8 giant geckos
  128 orcs
  A giant cockroach (D:6)
  4 gnoll zombies (Ossuary)
  9 goblins
  6 hobgoblins
  9 jackals
  36 kobolds
  3 quokkas
  5 ball pythons
  5 bats
  4 giant newts
  5 hobgoblin zombies (Ossuary)
  6 kobold zombies (Ossuary)
  2 orc zombies (Ossuary)
  2 quokka skeletons
  6 rats
  A spectral orc (D:9)
1957 creatures vanquished.

Vanquished Creatures (collateral kills)
  2 acid blobs (Slime:6)
  2 death oozes
  A great orb of eyes (Slime:6)
  A shining eye (Slime:5)
  A blink frog (Lair:7)
  4 redbacks
  An eye of draining (Slime:6)
  A killer bee (D:11)
  An orc (Orc:2)
14 creatures vanquished.

Vanquished Creatures (others)
  A deep elf master archer (Elf:3)
  A merfolk javelineer (Shoals:3)
  A yaktaur captain (Depths:1)
  2 ogre magi (Vaults:1)
  2 naga sharpshooters
  A kobold demonologist (Vaults:1)
  4 yaktaurs
  3 two-headed ogres
  A slave (D:5)
  2 ogres
  A boggart (Vaults:1)
  2 big kobolds
  2 water moccasin zombies (Ossuary)
  A killer bee (D:11)
  A jelly (Slime:6)
  A white imp (IceCv)
  4 ufetubi (IceCv)
  2 adder zombies (Ossuary)
  18 fungi
  29 plants
79 creatures vanquished.

Grand Total: 2050 creatures vanquished

Notes
Turn   | Place    | Note
--------------------------------------------------------------
     0 | D:1      | simples the Spriggan Enchanter began the quest for the Orb.
     0 | D:1      | Reached XP level 1. HP: 9/9 MP: 5/5
   318 | D:1      | Reached XP level 2. HP: 13/13 MP: 7/7
   332 | D:1      | Learned a level 2 spell: Ensorcelled Hibernation
   890 | D:1      | Reached XP level 3. HP: 16/16 MP: 0/8
  1514 | D:2      | Found a sparkling altar of Nemelex Xobeh.
  1547 | D:2      | Learned a level 3 spell: Confuse
  1602 | D:2      | Reached skill level 5 in Stealth
  1618 | D:2      | Found an opulent altar of Gozag.
  1781 | D:2      | Reached XP level 4. HP: 21/21 MP: 0/9
  1923 | D:2      | Found a glowing silver altar of Zin.
  1923 | D:2      | Found a shimmering altar of Xom.
  1924 | D:2      | Found a shattered altar of Ashenzari.
  2548 | D:3      | Noticed Reyan's ghost (amateur TrMo)
  2910 | D:3      | HP: 1/21 [Reyan's ghost (14)]
  3471 | D:2      | Reached XP level 5. HP: 24/24 MP: 8/11
  4808 | D:4      | Noticed an ogre
  5192 | D:3      | Reached skill level 5 in Dodging
  5192 | D:3      | Reached XP level 6. HP: 28/28 MP: 9/13
  5462 | D:3      | Reached skill level 6 in Stealth
  5694 | D:4      | Reached skill level 5 in Hexes
  7196 | D:5      | Entered Level 5 of the Dungeon
  7207 | D:5      | Reached XP level 7. HP: 32/32 MP: 14/14
  7265 | D:5      | Reached skill level 7 in Stealth
  7399 | D:5      | Noticed Pikel
  7436 | D:5      | Killed Pikel
  7436 | D:5      | Reached skill level 8 in Stealth
  7436 | D:5      | Reached skill level 5 in Spellcasting
  7436 | D:5      | Reached XP level 8. HP: 36/36 MP: 5/17
  7600 | D:5      | Reached skill level 9 in Stealth
  7616 | D:5      | Noticed Rationalist's ghost (novice MiBe)
  8138 | D:6      | Noticed Crazy Yiuf
  8152 | D:6      | Killed Crazy Yiuf
  8246 | D:6      | Reached skill level 5 in Short Blades
  8284 | D:6      | Found a sand-covered staircase.
  8312 | Ossuary  | Entered an ossuary
  8341 | Ossuary  | Reached skill level 10 in Stealth
  9072 | D:6      | Noticed Edmund
  9074 | D:6      | Killed Edmund
  9169 | D:6      | Noticed a gargoyle
  9171 | D:6      | Killed a gargoyle
  9171 | D:6      | Reached XP level 9. HP: 39/39 MP: 19/19
  9263 | D:6      | Found a shadowy altar of Dithmenos.
  9279 | D:6      | Noticed Eustachio
  9286 | D:6      | Killed Eustachio
  9286 | D:6      | Reached skill level 11 in Stealth
  9317 | D:6      | Noticed Prince Ribbit
  9324 | D:6      | Killed Prince Ribbit
  9723 | D:6      | Became a worshipper of Dithmenos the Shadowed
 10243 | D:7      | Reached skill level 12 in Stealth
 10441 | D:7      | Noticed an unseen horror
 10444 | D:7      | Found a staircase to the Ecumenical Temple.
 10454 | Temple   | Entered the Ecumenical Temple
 10694 | D:7      | Killed an unseen horror
 10760 | D:7      | Reached XP level 10. HP: 44/44 MP: 22/22
 10826 | D:7      | Reached * piety under Dithmenos
 10854 | D:7      | Found an iron altar of Okawaru.
 11422 | D:8      | Reached skill level 13 in Stealth
 11504 | D:8      | Found Gaestaod's Distillery.
 11511 | D:8      | Bought a potion of heal wounds for 70 gold pieces
 11511 | D:8      | Bought a potion of agility for 56 gold pieces
 11511 | D:8      | Bought a potion of lignification for 42 gold pieces
 11511 | D:8      | Bought a potion of brilliance for 56 gold pieces
 11511 | D:8      | Bought a potion of heal wounds for 70 gold pieces
 12294 | D:8      | Reached skill level 1 in Fighting
 13047 | D:9      | Reached ** piety under Dithmenos
 13082 | D:8      | Reached skill level 10 in Dodging
 13372 | D:9      | Found a basalt altar of Yredelemnul.
 13556 | D:9      | Found a staircase to the Lair.
 13604 | D:9      | Reached skill level 14 in Stealth
 13714 | D:10     | Entered Level 10 of the Dungeon
 13717 | D:10     | Noticed an eight-headed hydra
 13720 | D:10     | Killed an eight-headed hydra
 13912 | D:10     | Noticed a hill giant
 14361 | D:10     | Killed a hill giant
 14361 | D:10     | Reached XP level 11. HP: 51/51 MP: 23/25
 14409 | D:10     | Noticed an unseen horror
 14412 | D:10     | Killed an unseen horror
 14412 | D:10     | Reached skill level 15 in Stealth
 14887 | D:11     | Found a frozen archway.
 14893 | D:11     | Noticed a hill giant
 14898 | D:11     | Killed a hill giant
 14902 | IceCv    | Entered an ice cave
 14938 | D:11     | Found a labyrinth entrance.
 14945 | Lab      | Entered a labyrinth
 15142 | Lab      | Reached *** piety under Dithmenos
 15229 | Lab      | Noticed a minotaur
 15501 | Lab      | Got an ancient jade ring
 15505 | Lab      | Got a slimy shortbow
 15515 | Lab      | Killed a minotaur
 15533 | Lab      | Identified the cursed +0 shortbow of Corruption {freeze, rPois rF+ Dex-2} (You found it in a labyrinth)
 15538 | Lab      | Identified the ring "Omoal" {rF+ AC+4} (You found it in a labyrinth)
 15762 | D:11     | Reached skill level 16 in Stealth
 15941 | D:11     | Found an oddly glowing altar of Pakellas.
 16173 | D:11     | Noticed Urug
 16777 | D:11     | Noticed a hill giant
 16782 | D:11     | Killed a hill giant
 17224 | D:11     | Killed Urug
 17224 | D:11     | Reached skill level 17 in Stealth
 17244 | D:11     | Found a staircase to the Orcish Mines.
 17742 | D:11     | Reached **** piety under Dithmenos
 17749 | D:11     | Found a roughly hewn altar of Beogh.
 18010 | D:12     | Reached XP level 12. HP: 52/59 MP: 18/26
 18159 | D:12     | Reached skill level 5 in Fighting
 18175 | D:12     | Noticed zervinho's ghost (journeyman SpEn)
 18321 | D:12     | Killed zervinho's ghost
 18517 | D:12     | Reached skill level 18 in Stealth
 18520 | D:12     | Noticed a centaur warrior
 18523 | D:12     | Killed a centaur warrior
 18526 | D:12     | Noticed a fire dragon
 18528 | D:12     | Noticed a tengu reaver
 18529 | D:12     | Killed a fire dragon
 19589 | D:13     | Noticed Nessos
 19593 | D:13     | Found a shimmering altar of Xom.
 19594 | D:13     | Killed Nessos
 19594 | D:13     | Reached skill level 19 in Stealth
 19811 | D:13     | Noticed a centaur warrior
 19818 | D:13     | Killed a centaur warrior
 19998 | D:13     | Found a bloodstained altar of Trog.
 20353 | D:14     | Reached ***** piety under Dithmenos
 20702 | Lair:1   | Entered Level 1 of the Lair of Beasts
 21593 | Lair:1   | Reached XP level 13. HP: 66/66 MP: 6/27
 22762 | Lair:1   | Reached skill level 20 in Stealth
 23223 | Lair:2   | Found a dark tunnel.
 23232 | Volcano  | Entered a volcano
 23253 | Volcano  | Found a radiant altar of Vehumet.
 25789 | Lair:3   | Found a staircase to the Snake Pit.
 25818 | Lair:3   | Reached skill level 21 in Stealth
 26892 | Lair:3   | Reached skill level 15 in Dodging
 28330 | Lair:4   | Found a runed door.
 28910 | Lair:5   | Gained mutation: You evolve. [potion of beneficial mutation]
 28911 | Lair:5   | Gained mutation: Your muscles are strong. (Str +2) [potion of beneficial mutation]
 29099 | Lair:5   | Learned a level 1 spell: Apportation
 29103 | Lair:5   | Learned a level 2 spell: Blink
 29265 | Lair:5   | Found a shattered altar of Ashenzari.
 29455 | Lair:6   | Reached skill level 1 in Translocations
 29657 | Lair:6   | Found a staircase to the Shoals.
 30495 | Lair:6   | Reached XP level 14. HP: 70/73 MP: 20/28
 30557 | Lair:6   | Reached skill level 22 in Stealth
 30716 | Lair:6   | Reached ****** piety under Dithmenos
 31126 | Lair:7   | Found a staircase to the Slime Pits.
 32400 | Lair:7   | Gained mutation: You have a pair of small horns on your head. [evolution]
 32754 | Lair:8   | Entered Level 8 of the Lair of Beasts
 32759 | Lair:8   | Reached skill level 10 in Spellcasting
 32824 | Lair:8   | Gained mutation: You are partially covered in slimy green scales (AC +2). [potion of beneficial mutation]
 32965 | Lair:8   | Reached skill level 5 in Translocations
 33216 | Lair:8   | Reached skill level 23 in Stealth
 33216 | Lair:8   | Reached XP level 15. HP: 78/78 MP: 30/30
 34926 | Orc:1    | Entered Level 1 of the Orcish Mines
 34981 | Orc:1    | Reached skill level 1 in Shields
 35157 | Orc:2    | Entered Level 2 of the Orcish Mines
 35160 | Orc:2    | Noticed Maurice
 35190 | Orc:2    | Killed Maurice
 35279 | Orc:2    | Noticed Josephine
 36319 | Orc:2    | Noticed Sonja
 36322 | Orc:2    | Killed Sonja
 36349 | Orc:2    | Found a roughly hewn altar of Beogh.
 36366 | Orc:2    | Found a roughly hewn altar of Beogh.
 36724 | Orc:2    | Noticed an orc warlord
 37032 | Orc:2    | Found a roughly hewn altar of Beogh.
 37154 | Orc:2    | Found Deicon's Antique Armour Emporium.
 37154 | Orc:2    | Found a roughly hewn altar of Beogh.
 37163 | Orc:2    | Found Lypeffi's Antique Weapon Shoppe.
 37346 | Orc:2    | Found a staircase to the Elven Halls.
 37702 | Orc:2    | Found a roughly hewn altar of Beogh.
 37707 | Orc:2    | Found Tuenurie's Weapon Shop.
 37861 | Orc:2    | Found a roughly hewn altar of Beogh.
 38821 | Orc:2    | Killed an orc warlord
 38952 | Orc:2    | Found a roughly hewn altar of Beogh.
 38956 | Orc:2    | Found Sesuipek's Jewellery Boutique.
 38972 | Orc:2    | Bought the ring of Impaerch {Wiz rPois rF+ MP+9 Dex-2} for 572 gold pieces
 39278 | Orc:1    | Found a roughly hewn altar of Beogh.
 39563 | Snake:1  | Entered Level 1 of the Snake Pit
 39564 | Snake:1  | Reached skill level 5 in Shields
 39700 | Snake:1  | Reached XP level 16. HP: 84/84 MP: 31/31
 40064 | Snake:1  | Found a glowing golden altar of the Shining One.
 41210 | Snake:2  | Reached skill level 24 in Stealth
 41210 | Snake:2  | Gained mutation: Your flesh is heat resistant. [evolution]
 42294 | Snake:2  | Found Texeawun's Antique Armour Emporium.
 42298 | Snake:2  | Bought a glowing cloak for 117 gold pieces
 43488 | Snake:3  | Noticed Mara
 43490 | Snake:3  | Killed Mara
 43490 | Snake:3  | Reached skill level 10 in Fighting
 43490 | Snake:3  | Reached skill level 25 in Stealth
 43514 | Snake:3  | Learned a level 6 spell: Invisibility
 43517 | Snake:3  | Learned a level 2 spell: Repel Missiles
 46177 | Snake:4  | Entered Level 4 of the Snake Pit
 46253 | Snake:4  | Reached XP level 17. HP: 90/90 MP: 32/32
 46526 | Snake:4  | Reached skill level 26 in Stealth
 47181 | Snake:4  | Gained mutation: You are robust (+10% HP). [evolution]
 48822 | Shoals:1 | Entered Level 1 of the Shoals
 48822 | Shoals:1 | Noticed Nikola
 48825 | Shoals:1 | Killed Nikola
 49968 | Lair:6   | Reached skill level 27 in Stealth
 50511 | D:11     | Killed Josephine
 51164 | D:14     | Gained mutation: Your spells are a little harder to cast, but a little more powerful. [potion of beneficial mutation]
 51224 | D:14     | Found a gate to the Vaults.
 51745 | D:15     | Entered Level 15 of the Dungeon
 51973 | D:15     | Found a stormy altar of Qazlal.
 52188 | D:15     | Noticed Roxanne
 52648 | D:15     | Found a staircase to the Depths.
 53520 | D:15     | Killed Roxanne
 53522 | D:15     | Identified Roxanne's Volume of the Mountains (You took it off Roxanne on level 15 of the Dungeon)
 53527 | D:15     | Learned a level 2 spell: Passwall
 53728 | Orc:2    | Reached XP level 18. HP: 107/107 MP: 34/34
 53926 | Elf:1    | Entered Level 1 of the Elven Halls
 54056 | Elf:1    | Noticed Erica
 54068 | Elf:1    | Killed Erica
 54168 | Elf:1    | Gained mutation: You are agile. (Dex +2) [evolution]
 55835 | Elf:1    | Got a brightly glowing copper ring
 55837 | Elf:1    | Identified the ring "Xiro" {rElec rPois Dex+2 Slay+4 Stlth-} (You found it on level 1 of the Elven Halls)
 56128 | Elf:2    | Noticed an Ice Fiend
 56381 | Elf:2    | Found a runed door.
 56390 | Elf:2    | Found a runed door.
 56768 | Elf:2    | Noticed a Tzitzimitl
 57354 | Elf:3    | Entered Level 3 of the Elven Halls
 57355 | Elf:3    | Identified a scroll of acquirement
 57437 | Elf:3    | Lost mutation: Your flesh is heat resistant. [evolution]
 57437 | Elf:3    | Lost mutation: You evolve. [end of evolution]
 57680 | Elf:3    | Noticed Bubs's ghost (veteran FoFi)
 58611 | Elf:3    | Reached skill level 15 in Spellcasting
 60043 | D:15     | Reached XP level 19. HP: 116/116 MP: 39/39
 60050 | Depths:1 | Entered Level 1 of the Depths
 60050 | Depths:1 | Found a gateway to Hell.
 60183 | Depths:1 | Found a huge runed gate.
 60183 | Depths:1 | Found a huge runed gate.
 60183 | Depths:1 | Found a huge runed gate.
 60183 | Depths:1 | Found a huge runed gate.
 60183 | Depths:1 | Found a huge runed gate.
 60183 | Depths:1 | Found a huge runed gate.
 60183 | Depths:1 | Found a huge runed gate.
 60185 | Depths:1 | Found a huge runed gate.
 60432 | Depths:1 | Found a one-way gate leading to the halls of Pandemonium.
 60537 | Depths:1 | Found a huge runed gate.
 60552 | Depths:1 | Found a huge runed gate.
 60552 | Depths:1 | Found a huge runed gate.
 60552 | Depths:1 | Found a huge runed gate.
 60552 | Depths:1 | Found a huge runed gate.
 60552 | Depths:1 | Found a huge runed gate.
 60552 | Depths:1 | Found a huge runed gate.
 60553 | Depths:1 | Found a huge runed gate.
 60554 | Depths:1 | Found a huge runed gate.
 60555 | Depths:1 | Found a huge runed gate.
 60563 | Depths:1 | Found a huge runed gate.
 60563 | Depths:1 | Found a huge runed gate.
 60563 | Depths:1 | Found a huge runed gate.
 60563 | Depths:1 | Found a huge runed gate.
 60619 | Depths:1 | Found a gateway to a ziggurat.
 63824 | Snake:4  | Got a serpentine rune of Zot
 64177 | D:14     | Learned a level 3 spell: Mephitic Cloud
 64178 | Vaults:1 | Entered Level 1 of the Vaults
 64429 | Vaults:1 | Reached skill level 15 in Fighting
 64600 | Vaults:1 | Noticed Asterion
 64603 | Vaults:1 | Killed Asterion
 64710 | Vaults:1 | Noticed Aizul
 67708 | Vaults:1 | Reached skill level 1 in Invocations
 68744 | Vaults:2 | Found Caneutaa's Distillery.
 68750 | Vaults:2 | Bought a potion of might for 52 gold pieces
 68750 | Vaults:2 | Bought a potion of magic for 104 gold pieces
 69161 | Vaults:2 | Reached skill level 5 in Invocations
 69356 | Vaults:2 | Reached XP level 20. HP: 124/124 MP: 40/40
 69544 | Vaults:3 | Found a staircase to the Crypt.
 71790 | Vaults:3 | Reached skill level 10 in Invocations
 74066 | Vaults:5 | Entered Level 5 of the Vaults
 74403 | Vaults:4 | Lost mutation: Your spells are a little harder to cast, but a little more powerful. [mutagenic glow]
 75024 | Vaults:2 | Bought a potion of ambrosia for 104 gold pieces
 75024 | Vaults:2 | Bought 2 potions of curing for 78 gold pieces
 75024 | Vaults:2 | Bought a potion of experience for 650 gold pieces
 75024 | Vaults:2 | Bought 2 potions of curing for 78 gold pieces
 75024 | Vaults:2 | Bought a potion of ambrosia for 104 gold pieces
 75026 | Vaults:2 | Reached XP level 21. HP: 129/129 MP: 41/41
 76474 | Shoals:2 | Noticed Kirke
 76477 | Shoals:2 | Killed Kirke
 76676 | Shoals:2 | Noticed Louise
 76689 | Shoals:2 | Killed Louise
 76697 | Shoals:2 | Reached XP level 22. HP: 134/135 MP: 41/42
 77569 | D:13     | Learned a level 8 spell: Summon Horrible Things
 77999 | Elf:3    | Reached skill level 1 in Summonings
 79325 | Elf:3    | Reached skill level 5 in Summonings
 80730 | Elf:3    | Identified the Reference Book on Conjuration
 80851 | Elf:3    | Learned a level 4 spell: Passage of Golubria
 80858 | Elf:3    | Learned a level 6 spell: Darkness
 82439 | Shoals:3 | Noticed Reyan's ghost (journeyman MfGl)
 82528 | Shoals:3 | Killed Reyan's ghost
 82875 | Shoals:3 | Noticed sarahorange's ghost (journeyman DsWz)
 82897 | Shoals:3 | Killed sarahorange's ghost
 83923 | Shoals:4 | Entered Level 4 of the Shoals
 84067 | Shoals:4 | Noticed Ilsuiw
 84315 | Shoals:4 | Got a barnacled rune of Zot
 85373 | Depths:1 | Noticed Wiglaf
 85562 | D:15     | Killed Wiglaf
 85764 | D:15     | Reached skill level 10 in Summonings
 87336 | Depths:2 | Noticed a golden dragon
 87343 | Depths:2 | Killed a golden dragon
 87345 | Depths:2 | Noticed a golden dragon
 87432 | Depths:2 | Learned a level 2 spell: Call Imp
 87458 | Depths:2 | Reached XP level 23. HP: 140/140 MP: 18/43
 91240 | Slime:1  | Entered Level 1 of the Pits of Slime
 91646 | Slime:2  | Gained mutation: You have sharp toenails. [a shining eye]
 91654 | Slime:2  | Lost mutation: You are robust (+10% HP). [a shining eye]
 91838 | Slime:6  | Entered Level 6 of the Pits of Slime
 93185 | Slime:6  | Found a viscous altar of Jiyva.
 93246 | Slime:6  | Noticed the Royal Jelly
 93288 | Slime:5  | Gained mutation: Your body sometimes deteriorates upon taking damage. [a shining eye]
 93418 | Slime:6  | Gained mutation: Your body often deteriorates upon taking damage. [a shining eye]
 93419 | Slime:6  | Lost mutation: You are agile. (Dex +2) [a shining eye]
 93421 | Slime:5  | Gained mutation: You tend to lose your temper in combat. [a shining eye]
 93660 | Slime:6  | Mangled by a reaper

Skill      XL: |  1  2  3  4  5  6  7  8  9 10 11 12 13 14 15 16 17 18 19 20 21 22 23 |
---------------+----------------------------------------------------------------------+-----
Spellcasting   | 3 4 5 6 7 9 10 11 15 | 15.1
Short Blades   | 2 3 4 5 6 7 |  7.6
Dodging        | 4 5 6 7 9 10 12 14 15 16 19 20 | 20.2
Hexes          | 4 5 6 7 8 9 |  9.7
Stealth        | 5 6 8 10 12 14 17 19 21 23 25 27 | 27.0
Fighting       | 2 4 6 8 9 10 12 14 15 | 15.7
Translocations | 1 5 |  5.1
Shields        | 6 7 |  7.4
Invocations    | 5 13 | 13.1
Summonings     | 11 14 | 14.1

Action                   |  1- 3 |  4- 6 |  7- 9 | 10-12 | 13-15 | 16-18 | 19-21 | 22-24 || total
-------------------------+-------+-------+-------+-------+-------+-------+-------+-------++-------
Melee: Dagger            |    56 |   203 |   247 |   603 |  1318 |  1764 |  1473 |   193 ||  5857
       Headbutt          |       |       |       |       |    96 |   369 |   343 |   267 ||  1075
       Quick blade       |       |       |       |       |       |       |       |   831 ||   831
       Kick              |       |       |       |       |       |       |       |    73 ||    73
 Cast: Corona            |     4 |     4 |     1 |     1 |       |       |       |       ||    10
       Ensorcelled Hiber |    16 |    41 |    15 |    71 |     7 |       |     1 |       ||   151
       Confuse           |     1 |    52 |    70 |   207 |   580 |   639 |   555 |   369 ||  2473
       Repel Missiles    |       |       |       |       |       |     5 |     3 |     5 ||    13
       Invisibility      |       |       |       |       |       |    17 |     7 |     7 ||    31
       Apportation       |       |       |       |       |       |     4 |       |    14 ||    18
       Passwall          |       |       |       |       |       |       |    24 |    11 ||    35
       Mephitic Cloud    |       |       |       |       |       |       |    17 |   204 ||   221
       Blink             |       |       |       |       |       |       |     3 |       ||     3
       Darkness          |       |       |       |       |       |       |       |     5 ||     5
       Call Imp          |       |       |       |       |       |       |       |   114 ||   114
       Summon Horrible T |       |       |       |       |       |       |       |     2 ||     2
Invok: Shadow Step       |       |       |       |     1 |     2 |    11 |     4 |     1 ||    19
Evoke: Wand              |       |       |       |       |       |     1 |       |       ||     1
  Use: Scroll            |       |       |    10 |    10 |    15 |    17 |     3 |    22 ||    77
       Potion            |       |       |       |       |     4 |     9 |     6 |     3 ||    22
 Stab: Sleeping          |    23 |    32 |    38 |   116 |   100 |   145 |   107 |    39 ||   600
       Confused          |     1 |    13 |    36 |   100 |   288 |   264 |   263 |   187 ||  1152
       Distracted        |       |     2 |       |       |     8 |     8 |     4 |     5 ||    27
       Invisible         |       |       |       |       |       |    17 |     8 |    18 ||    43
  Eat: Bread ration      |       |     2 |     1 |     1 |     2 |     6 |     3 |     3 ||    18
       Pizza             |       |       |       |     3 |     3 |       |     2 |     3 ||    11
       Fruit             |       |       |       |       |     1 |       |       |       ||     1
Armor: Robe              |     2 |    13 |    14 |    20 |    27 |    29 |    32 |    22 ||   159
Dodge: Dodged            |    37 |   163 |   178 |   320 |   751 |   723 |   791 |   672 ||  3635
       Deflected         |       |       |       |       |       |    22 |    18 |    13 ||    53
Block: Other             |       |       |       |       |    36 |     4 |       |       ||    40
       Reflection        |       |       |       |       |     4 |    68 |    71 |    26 ||   169
       Buckler           |       |       |       |       |       |   496 |   634 |   439 ||  1569
